 Dungeon Crawl Stone Soup version 0.29-a0-284-gf9362112df (webtiles) character file.

Game seed: 11496988337653881212

3 cheechan the Conjurer (level 1, 2/10 HPs)
             Began as a Deep Elf Conjurer on Mar 29, 2022.
             Quit the game on level 2 of the Dungeon.
             The game lasted 00:01:12 (119 turns).

cheechan the Conjurer (Deep Elf Conjurer)            Turns: 119, Time: 00:01:12

Health: 2/10       AC:  2    Str:  4    XL:     1   Next: 41%
Magic:  3/6        EV: 12    Int: 22    God:
Gold:   7          SH:  0    Dex: 13    Spells: 5/6 levels left

rFire   x . .      SeeInvis .   (no weapon)
rCold   + . .      Faith    .   (no shield)
rNeg    . . .      Spirit   .   a - +0 robe
rPois   .          Reflect  .   (no helmet)
rElec   .          Harm     .   (no cloak)
rCorr   .          Rampage  .   (no gloves)
Will    .....                   (no boots)
Stlth   ++........              (no amulet)
HPRegen 0.03/turn               f - ring of ice
MPRegen 0.10/turn               (no ring)

@: no status effects
A: no striking features
a: no special abilities


You were on level 2 of the Dungeon.
You visited 1 branch of the dungeon, and saw 2 of its levels.

You collected 7 gold pieces.

Inventory:

Missiles
 h - 19 stones
Armour
 a - a +0 robe (worn)
Jewellery
 f - a ring of ice (left hand)
Potions
 b - a potion of magic
 c - a potion of might
 d - a potion of flight {unknown}
 g - a potion of curing {unknown}


   Skills:
 + Level 2.4 Dodging
 + Level 2.4 Stealth
 + Level 3.0 Spellcasting
 + Level 4.5 Conjurations


You had 5 spell levels left.
You knew the following spells:

 Your Spells              Type           Power      Damage    Failure   Level
a - Magic Dart            Conj           92%        1d7       1%          1

Your spell library contained the following spells:

 Spells                   Type           Power      Damage    Failure   Level
 Searing Ray              Conj           46%        2d6       2%          2
 Dazzling Flash           Conj/Hex       26%        N/A       14%         3
 Fulminant Prism          Conj/Hex       6%         3d7       43%         4
 Iskenderun's Mystic Bla  Conj/Tloc      13%        2d5       43%         4


Dungeon Overview and Level Annotations

Branches:
Dungeon (1/15)

Altars:

Annotations:
D:2 Robin


Message History

The goblin shouts!
The kobold shouts!
The goblin shouts! x3
The hobgoblin shouts!
You hear a shout!
The jackal barks!
Found 17 gold pieces.
Casting: Magic Dart (safe; 1% risk of failure)
Confirm with . or Enter, or press ? or * to list all spells.
Aiming: Magic Dart (safe; 1% risk of failure)
Press: ? - help, Shift-Dir - straight line, f - hobgoblin
Aim: a hobgoblin (100% to hit)
The magic dart hits the hobgoblin but does no damage.
The goblin shouts!
Robin says, "Bow before me, strongest of all the hobgoblins!"
A goblin comes into view. It is wielding a +0 club.
The kobold attacks as you move away! The kobold closely misses you.
The hobgoblin attacks as you move away!
The hobgoblin misses you. 2 jackals come into view.
Found a stone staircase leading down.
Robin points. "Kill!"
Robin throws the goblin at you! The hobgoblin attacks as you move away!
The hobgoblin misses you.
A dart slug comes into view.
The goblin barely misses you.
The kobold hits you with a +0 short sword.
Ouch! That really hurt!
The goblin hits you with a +0 dagger.
* * * LOW HITPOINT WARNING * * *
As you read the scroll labelled NIOQAS ANTU, it crumbles to dust.
It is a scroll of identify.
c - a potion of might The jackal barks!
You hear a bark!
The goblin hits you but does no damage. The kobold barely misses you.
The goblin misses you.
Robin roars a battlecry!
The goblins go into a battle-frenzy!
The hobgoblin closely misses you.
You aren't carrying any scrolls.
Unknown command.
Unknown command.
Unknown command.
Okay, then.
Are you sure you want to abandon this character and quit the game? (Confirm with "yes".)

#........#
#........#
#........#
#........#
#######........#
...............#
........gg.g...#
......ggKg..g...
......h@ggBg....
......hgg.......
...h.....#......
h......##...####
....... .#.#
####... .>.#
.... ... #..#w
#.#


You could see Robin, a dart slug, 4 jackals, a giant cockroach, 2 hobgoblins, 9
goblins and a kobold.

Vanquished Creatures
  2 endoplasms (D:1)
  A rat (D:1)
3 creatures vanquished.

Notes
Turn   | Place    | Note
-------+----------+-------------------------------------------
     0 | D:1      | cheechan the Deep Elf Conjurer began the quest for the Orb.
     0 | D:1      | Reached XP level 1. HP: 10/10 MP: 6/6
   114 | D:1      | You fall into a shaft and drop 1 floor!
   114 | D:2      | Noticed Robin
   119 | D:2      | Quit the game

Illustrated notes

Levels and vault maps discovered:
D:1:      co_arrival_square_in_a_square_in_a_square, layout_basic
D:2:      layout_rooms, serial_shops, nicolae_shop_bloodbath_and_beyond,
          uniq_robin

Action                   || total
-------------------------++-------
 Cast: Magic Dart        ||     8
  Use: Scroll            ||     1
Armor: Robe              ||     2
Dodge: Dodged            ||    11

Table legend: (Time is in decaauts)
 A = Elapsed time spent in this place.
 B = Non-inter-level travel time spent in this place.
 C = Inter-level travel time spent in this place.
 D = Time resting spent in this place.
 E = Time spent auto-exploring this place.
 F = Levels seen in this place.
 G = Mean time per level.
                   A        B        C        D        E       F      G
               +--------+--------+--------+--------+--------+-----+--------+
         Total |    118 |    118 |      0 |      0 |      0 |   2 |   59.0 |
       Dungeon |    118 |    118 |      0 |      0 |      0 |   2 |   59.0 |
               +--------+--------+--------+--------+--------+-----+--------+

Top non-repeatable levels by time:
     D:1: 113 daAuts
     D:2: 4 daAuts
